Map: Prion Terraces

Players

Lebron - Winner!

  • Race: Protoss Protoss
  • League: Master

TakeDown

  • Race: Terran Terran
  • League: Master

VOD

Have the link to the VOD?

Description

Time

  • Played on: March 7, 2016, 12:04 a.m.
  • Length: 17:27
Show
View Real Time Build Order
Export as new Build Order

Lebron Protoss - Winner!

Build Orders: 1 Gate Expand, Nexus First, Blink Stalkers 

Get SALT Encoding   

  12  0:01  Probe (Chrono Boost)  
  13  0:12  Pylon  
  13  0:17  Probe (Chrono Boost)  
  14  0:27  Probe (Chrono Boost)  
  15  0:33  Gateway  
  15  1:04  Nexus  
  15  1:07  Probe (Chrono Boost)  
  16  1:14  Assimilator  
  16  1:18  Probe (Chrono Boost)  
  17  1:28  Cybernetics Core  
  17  1:31  Probe (Chrono Boost)  
  18  1:37  Assimilator  
  18  1:42  Probe (Chrono Boost)  
  19  1:53  Probe (Chrono Boost)  
  20  2:03  Probe (Chrono Boost)  
  20  2:04  Adept (Chrono Boost)  
  23  2:15  Probe  
  24  2:19  Mothership Core  
  26  2:27  Probe  
  27  2:34  Stalker (Chrono Boost)  
  29  2:39  Probe (Chrono Boost)  
  29  2:43  Probe (Chrono Boost)  
  31  2:51  Twilight Council  
  31  2:53  Warp Gate  
  31  2:54  Probe (Chrono Boost)  
  31  2:55  Probe (Chrono Boost)  
  33  3:05  Probe (Chrono Boost)  
  34  3:06  Probe (Chrono Boost)  
  34  3:07  Stalker  
  37  3:15  Probe (Chrono Boost)  
  38  3:22  Pylon  
  38  3:23  Pylon  
  38  3:30  Blink (Chrono Boost)  
  38  3:40  Probe x2 (Chrono Boost), Stalker  
  42  3:42  Assimilator  
  42  3:45  Assimilator  
  42  3:51  Probe x2 (Chrono Boost)  
  44  3:59  Robotics Facility  
  44  4:00  Probe (Chrono Boost)  
  44  4:01  Probe (Chrono Boost)  
  46  4:04  Pylon  
  46  4:10  Probe  
  46  4:12  Probe  
  48  4:20  Probe  
  48  4:23  Gateway  
  49  4:25  Probe, Gateway  
  49  4:30  Gateway  
  49  4:31  Probe  
  50  4:37  Probe  
  52  4:41  Pylon, Probe  
  53  4:47  Observer  
  53  4:49  Pylon, Probe  
  53  4:52  Probe  
  55  4:59  Forge  
  56  5:01  Probe, Stalker  
  56  5:03  Probe  
  60  5:11  Observer  
  60  5:13  Probe x2  
  62  5:19  Forge  
  63  5:25  Probe  
  63  5:27  Stalker x3  
  58  5:38  Observer  
  58  5:42  Probe  
  60  5:46  Probe  
  60  5:47  Protoss Ground Weapons Level 1 (Chrono Boost)  
  61  5:54  Probe  
  62  5:57  Probe  
  62  6:02  Nexus  
  60  6:07  Probe  
  60  6:08  Probe  
  59  6:18  Probe, Protoss Ground Armor Level 1 (Chrono Boost)  
  59  6:19  Probe  
  61  6:27  Immortal  
  61  6:29  Probe  
  61  6:31  Probe  
  67  6:40  Probe  
  67  6:43  Probe  
  69  6:47  Pylon  
  69  6:48  Adept  
  69  6:49  Adept  
  69  6:50  Pylon  
  69  6:52  Probe  
  74  6:55  Probe  
  75  7:03  Templar Archives  
  75  7:04  Probe  
  75  7:05  Pylon  
  75  7:06  Pylon  
  75  7:07  Probe  
  77  7:11  Immortal  
  81  7:22  Probe  
  81  7:23  Probe x2  
  84  7:30  Gateway  
  84  7:32  Gateway, Protoss Ground Weapons Level 2 (Chrono Boost)  
  84  7:34  Gateway  
  84  7:44  Psionic Storm  
  84  7:47  Adept x4  
  92  7:51  Resonating Glaives  
  92  8:06  Protoss Ground Armor Level 2 (Chrono Boost)  
  92  8:10  Immortal  
  88  8:28  Probe x2  
  88  8:31  High Templar  
  88  8:32  High Templar x3, Assimilator  
  98  8:34  Pylon  
  98  8:37  Assimilator  
  98  8:40  Adept  
  100  8:47  Stalker x2  
  104  8:50  Immortal  
  104  8:55  Pylon  
  108  8:57  Pylon  
  108  9:10  Stalker x3  
  108  9:11  Stalker  
  108  9:12  Stalker  
  118  9:18  Probe  
  118  9:19  Probe  
  118  9:20  Probe  
  121  9:34  Protoss Ground Weapons Level 3 (Chrono Boost)  
  121  9:35  Nexus  
  121  9:36  Immortal  
  121  9:37  Pylon  
  125  9:38  Probe  
  125  9:39  Pylon, Probe x2  
  125  9:45  Adept x3  
  130  9:46  Adept x3  
  130  9:51  Probe  
  141  10:03  Assimilator  
  141  10:05  Assimilator  
  141  10:09  Protoss Ground Armor Level 3 (Chrono Boost)  
  141  10:14  Charge  
  141  10:16  Zealot  
  141  10:17  Zealot x2  
  147  10:32  Pylon  
  147  10:41  Pylon  
  147  10:45  Protoss Air Weapons Level 1  
  147  10:46  Stargate  
  147  10:48  Stargate, Immortal  
  151  10:53  Zealot x3  
  157  11:08  Zealot x4  
  162  11:30  Observer  
  163  11:33  Fleet Beacon  
  163  11:35  Zealot x4  
  163  11:36  Zealot x3  
  177  11:53  Warp Prism  
  179  11:58  Gateway  
  179  12:00  Gateway  
  179  12:01  Gateway  
  179  12:04  High Templar x4  
  179  12:05  High Templar  
  189  12:10  Archon  
  189  12:11  Archon  
  189  12:17  Zealot x2  
  178  13:22  Pylon  
  178  13:24  Pylon  
  178  13:26  Pylon  
  178  13:27  Pylon  
  178  13:29  Pylon  
  172  13:45  Probe  
  172  13:47  Pylon  
  165  13:48  Pylon  
  165  13:49  Pylon  
  156  13:56  Probe  
  152  14:06  Probe  
  152  14:08  Zealot x2  
  152  14:09  Zealot x6  
  164  14:26  Pylon  
  164  14:28  Pylon  
  164  14:29  Zealot x5  
  166  14:50  Zealot x3  
  166  14:51  Zealot x6  
  135  15:21  Stalker x6  
  111  15:22  Stalker x3  
  110  15:39  Nexus  
  110  15:50  High Templar x2  
  110  15:51  High Templar x2  
  118  16:01  Probe  
  118  16:02  Probe  
  120  16:12  Probe x2  
  122  16:22  Probe  
  123  16:49  Probe  
  124  16:59  Zealot  
Show
View Real Time Build Order
Export as new Build Order

TakeDown Terran 

Build Orders: MMM Bio 

Get SALT Encoding   

  12  0:01  SCV  
  13  0:13  SCV  
  14  0:17  Supply Depot  
  14  0:25  SCV  
  15  0:39  SCV  
  15  0:41  Barracks  
  16  0:45  Refinery  
  16  0:51  SCV  
  17  1:03  SCV  
  18  1:15  SCV  
  19  1:29  Orbital Command  
  19  1:37  Barracks Reactor  
  19  1:43  Command Center  
  19  1:54  Supply Depot  
  19  2:06  SCV  
  20  2:11  Factory  
  20  2:15  Marine x2  
  21  2:18  SCV  
  23  2:29  Refinery  
  23  2:33  Marine x2  
  23  2:35  SCV  
  26  2:47  SCV  
  26  2:51  Marine x2  
  28  2:56  Starport  
  28  2:57  Widow Mine  
  31  3:02  SCV  
  31  3:06  Orbital Command  
  31  3:14  SCV  
  32  3:22  Marine x2  
  32  3:26  SCV, Supply Depot  
  35  3:28  Widow Mine  
  37  3:34  Viking  
  39  3:43  SCV x2  
  39  3:45  Marine  
  42  3:58  SCV x2  
  42  4:02  Supply Depot  
  44  4:03  Supply Depot  
  44  4:10  Medivac  
  44  4:12  Widow Mine  
  44  4:13  Marine x2  
  44  4:14  SCV x2  
  52  4:26  SCV, Supply Depot  
  52  4:27  SCV  
  54  4:32  Marine x2  
  56  4:40  Starport Tech Lab  
  56  4:41  Factory Tech Lab, Barracks  
  56  4:42  Barracks  
  56  4:55  SCV x2  
  58  5:04  Command Center  
  58  5:07  SCV x2  
  58  5:11  Marine x2  
  58  5:12  Factory Reactor  
  62  5:19  SCV x2  
  59  5:29  Marine x2  
  51  5:46  Engineering Bay  
  51  5:48  Engineering Bay, SCV x2  
  51  5:49  Combat Shields, Marauder x2  
  57  5:50  Stimpack, Barracks  
  57  5:51  Barracks  
  57  5:56  Marine x2  
  59  6:03  Factory Tech Lab  
  58  6:06  SCV x2  
  61  6:11  Marauder x2  
  61  6:13  Medivac, Marine x2  
  61  6:16  Medivac  
  63  6:21  Orbital Command  
  63  6:26  Siege Tank  
  63  6:29  Refinery  
  63  6:31  Marine  
  62  6:41  Marine  
  62  6:42  Marauder x2  
  62  6:44  Barracks Tech Lab  
  62  6:46  Barracks Reactor  
  66  6:50  SCV, Orbital Command  
  66  6:51  Refinery  
  66  6:54  Terran Infantry Weapons Level 1  
  67  6:55  Terran Infantry Armor Level 1  
  67  6:57  Marine  
  68  7:02  Marine  
  68  7:03  Marauder x2  
  71  7:18  SCV x3  
  71  7:22  Liberator  
  74  7:25  Marauder x2, Liberator, Marine x4  
  74  7:26  Marine  
  83  7:30  SCV x2  
  83  7:31  SCV  
  83  7:36  Supply Depot  
  86  7:37  Supply Depot  
  86  7:42  SCV  
  93  7:48  Supply Depot  
  93  7:55  Armory  
  93  7:58  Marauder x2, SCV, Marine  
  98  7:59  Marauder, Marine x3  
  99  8:06  SCV x2  
  99  8:10  SCV  
  102  8:16  Marine  
  102  8:18  SCV  
  102  8:25  Armory  
  102  8:28  Marauder x2, Marine x3  
  102  8:32  Liberator  
  109  8:38  Marine x2  
  111  8:41  Supply Depot  
  111  8:42  Supply Depot  
  111  8:43  Supply Depot  
  111  8:46  Marine x3  
  114  8:54  Refinery  
  117  8:56  Refinery  
  117  9:01  SCV x3, Marine  
  117  9:02  Marauder x2  
  123  9:11  Medivac  
  123  9:14  SCV x3  
  125  9:23  Marauder x2  
  129  9:28  Marine x2  
  129  9:29  Marine x3  
  134  9:32  Medivac  
  133  9:44  Medivac, Marauder, Marine  
  138  9:48  Terran Infantry Weapons Level 2  
  138  9:51  Starport, Terran Infantry Armor Level 2  
  138  9:58  Marine x2  
  138  9:59  Marine x2  
  142  10:00  Marine  
  142  10:02  Marauder  
  142  10:04  Supply Depot  
  142  10:06  Marauder  
  147  10:07  Supply Depot  
  147  10:15  Medivac x2  
  147  10:16  Marine  
  152  10:22  Supply Depot  
  152  10:23  Supply Depot  
  152  10:28  Liberator x2, Starport Reactor  
  152  10:36  Supply Depot  
  152  10:37  Supply Depot  
  152  10:47  Liberator x2  
  158  10:58  Command Center  
  158  11:47  Marauder x2, Marine x5  
  147  11:48  Cyclone  
  147  11:49  Liberator x2  
  152  12:04  Marine x2  
  152  12:05  Marine x2  
  167  12:08  Marauder x2  
  167  12:20  Cyclone, Barracks Tech Lab  
  167  12:22  Marine x3  
  174  12:30  Marauder  
  174  12:36  Marauder, Marine  
  177  12:40  Marine x3  
  169  12:51  Marauder  
  169  12:53  Marine  
  169  12:56  Marauder  
  169  12:57  Marine  
  173  13:01  Marine x2  
  173  13:05  Liberator x2  
  175  13:07  Marine  
  175  13:11  Marine  
  175  13:12  Marauder  
  175  13:15  Marauder  
  175  13:17  Marine  
  175  13:19  Marine  
  170  13:43  Marine  
  170  13:44  Marauder x2, Marine  
  159  14:02  Marauder  
  152  14:03  Marine  
  152  14:05  Marauder  
  152  14:06  Marine  
  156  14:14  Marauder  
  158  14:23  Marauder  
  152  14:49  Marauder x2, Marine x3  
  152  14:52  Marine  
  117  15:07  Marine x2  
  117  15:11  Marauder x2  
  117  15:12  Cyclone  
  98  15:18  Marine x2  
  97  15:25  Marine  
  94  15:44  Liberator x3  
  94  15:49  Marauder x2, Marine x3  
  85  16:05  Planetary Fortress  
  85  16:13  Marauder x2, Marine x2  
  85  16:14  Marine  
  93  16:18  SCV x2  
  94  16:30  SCV  
  95  16:37  Marauder x2, Marine x2  
  101  16:44  Medivac x3  
  107  16:56  Marine x3  
  107  16:57  Marine  
  107  16:58  Marauder  
Tags
 
Add a new tag
Caveats
  • Supply blocks, unpowered buildings, or Contaminate may cause inaccurate times.
  • Supply counts are checked every 10 seconds.